[ AOE2 MATCH · #506802321 ]
UnrankedBulgarians vs Ethiopians
Player's team · LOSS
[ REPLAY ANALYSIS · EXTRACTED FROM THE RECORDED GAME ]
Feudal
8:51
Castle
26:11
Imperial
—
| APM avg | 68.3 |
| APM peak | 117 |
| eAPM avg | 30.7 |
| Villagers / military | 105 / 53 |
Focus
⚔️ 46.6% · 🌾 53.4%
Skirmisher ×23 · Militia ×19 · Konnik ×4 · Archer ×3 · Knight ×2 · Spearman ×2
Feudal
9:16
Castle
21:49
Imperial
—
| APM avg | 101.1 |
| APM peak | 188 |
| eAPM avg | 56.7 |
| Villagers / military | 124 / 104 |
Focus
⚔️ 69.1% · 🌾 30.9%
Shotel Warrior ×57 · Archer ×41 · Battering Ram ×3 · Skirmisher ×2 · Monk ×1
Match map
Initial resources + every placement click. Lines = walls · curves = elevation contours. ◆ gold · ⬟ stone · ● berries · ✦ relic · ◌ wall gap
Your base· ✓ Closed at 26:11 · 59t walls · 2 gate(s)
Dr evil's base· Open — 4t gap
Smoothed initial terrain · ◌ = detected wall gap · hover for details
Inputs per minute
— thankyou9527 - - Dr evil
Build order — thankyou9527
First 150 of 274 actions detected
| 0:00 | Create | Villager (Male) |
| 0:01 | Create | Villager (Male) |
| 0:01 | Create | Villager (Male) |
| 0:01 | Create | Villager (Male) |
| 0:02 | Build | House |
| 0:03 | Build | House |
| 1:37 | Create | Villager (Male) |
| 1:37 | Create | Villager (Male) |
| 2:00 | Create | Villager (Male) |
| 2:01 | Create | Villager (Male) |
| 2:30 | Create | Villager (Male) |
| 2:30 | Create | Villager (Male) |
| 2:30 | Create | Villager (Male) |
| 2:35 | Build | Lumber Camp |
| 3:13 | Create | Villager (Male) |
| 3:13 | Create | Villager (Male) |
| 3:13 | Create | Villager (Male) |
| 3:15 | Build | House |
| 4:07 | Create | Villager (Male) |
| 4:07 | Create | Villager (Male) |
| 4:08 | Create | Villager (Male) |
| 5:22 | Create | Villager (Male) |
| 5:43 | Build | Barracks |
| 5:49 | Create | Villager (Male) |
| 5:53 | Research | Loom |
| 6:24 | Build | House |
| 6:26 | Build | House |
| 6:33 | Build | House |
| 6:38 | Research | Feudal Age |
| 6:43 | Create | Militia |
| 6:43 | Create | Militia |
| 7:01 | Build | House |
| 7:10 | Create | Villager (Male) |
| 7:12 | Create | Militia |
| 7:28 | Build | House |
| 7:53 | Build | Mining Camp |
| 7:55 | Create | Militia |
| 7:55 | Create | Militia |
| 7:55 | Create | Militia |
| 8:33 | Create | Militia |
| 8:33 | Create | Militia |
| 8:51 | Age | Feudal Age |
| 9:02 | Build | Mill |
| 9:33 | Create | Villager (Male) |
| 9:34 | Create | Villager (Male) |
| 9:34 | Create | Villager (Male) |
| 9:34 | Create | Villager (Male) |
| 9:34 | Create | Villager (Male) |
| 9:57 | Build | Watch Tower |
| 10:01 | Build | Archery Range |
| 10:28 | Create | Villager (Male) |
| 10:29 | Create | Villager (Male) |
| 10:35 | Build | House |
| 10:36 | Build | House |
| 10:46 | Create | Skirmisher |
| 10:46 | Create | Skirmisher |
| 10:55 | Create | Villager (Male) |
| 10:55 | Create | Villager (Male) |
| 10:56 | Create | Villager (Male) |
| 11:06 | Build | Farm |
| 11:11 | Create | Skirmisher |
| 11:27 | Create | Villager (Male) |
| 12:09 | Build | House |
| 12:09 | Create | Villager (Male) |
| 12:10 | Create | Villager (Male) |
| 12:10 | Create | Villager (Male) |
| 12:14 | Build | Blacksmith |
| 12:17 | Build | Farm |
| 12:18 | Build | Farm |
| 12:18 | Build | Farm |
| 12:18 | Build | Farm |
| 12:27 | Build | Palisade Wall |
| 12:28 | Build | Palisade Wall |
| 12:29 | Build | Palisade Wall |
| 12:30 | Build | Palisade Wall |
| 12:30 | Build | Palisade Wall |
| 12:31 | Build | Palisade Wall |
| 12:51 | Create | Villager (Male) |
| 12:53 | Create | Skirmisher |
| 13:04 | Build | Farm |
| 13:10 | Create | Skirmisher |
| 13:32 | Build | House |
| 13:34 | Create | Villager (Male) |
| 13:34 | Create | Villager (Male) |
| 13:34 | Create | Villager (Male) |
| 13:35 | Create | Villager (Male) |
| 13:35 | Create | Villager (Male) |
| 13:35 | Create | Villager (Male) |
| 13:39 | Build | Mining Camp |
| 13:57 | Build | Palisade Wall |
| 14:03 | Create | Villager (Male) |
| 14:03 | Create | Villager (Male) |
| 14:07 | Research | Fletching |
| 14:08 | Research | Fletching |
| 14:18 | Build | House |
| 14:19 | Create | Villager (Male) |
| 14:23 | Create | Skirmisher |
| 14:23 | Create | Skirmisher |
| 14:23 | Create | Skirmisher |
| 14:24 | Create | Skirmisher |
| 14:29 | Create | Archer |
| 14:29 | Create | Archer |
| 14:44 | Build | Mining Camp |
| 15:00 | Create | Villager (Male) |
| 15:18 | Create | Villager (Male) |
| 15:21 | Build | Watch Tower |
| 15:54 | Create | Villager (Male) |
| 15:55 | Create | Villager (Male) |
| 16:00 | Build | Farm |
| 16:00 | Build | Farm |
| 16:08 | Create | Skirmisher |
| 16:52 | Create | Skirmisher |
| 16:53 | Create | Skirmisher |
| 16:58 | Create | Villager (Male) |
| 16:59 | Create | Villager (Male) |
| 16:59 | Create | Villager (Male) |
| 17:02 | Build | Farm |
| 17:03 | Build | Farm |
| 17:03 | Build | Farm |
| 17:36 | Create | Villager (Male) |
| 17:36 | Create | Villager (Male) |
| 17:36 | Create | Villager (Male) |
| 18:12 | Create | Villager (Male) |
| 18:12 | Create | Villager (Male) |
| 18:17 | Build | Farm |
| 18:18 | Build | Farm |
| 18:18 | Build | Farm |
| 18:18 | Build | Farm |
| 18:18 | Build | Farm |
| 18:22 | Build | Palisade Wall |
| 18:23 | Build | Palisade Wall |
| 18:34 | Create | Skirmisher |
| 18:35 | Create | Skirmisher |
| 18:35 | Create | Skirmisher |
| 18:41 | Create | Villager (Male) |
| 18:50 | Build | Palisade Wall |
| 18:56 | Create | Spearman |
| 18:56 | Create | Spearman |
| 19:08 | Build | Watch Tower |
| 19:14 | Build | Watch Tower |
| 19:20 | Create | Archer |
| 19:36 | Create | Villager (Male) |
| 19:39 | Build | Farm |
| 19:39 | Build | Farm |
| 19:45 | Build | Palisade Wall |
| 19:47 | Build | Palisade Wall |
| 19:47 | Create | Villager (Male) |
| 20:07 | Build | Palisade Wall |
| 20:23 | Build | Palisade Wall |
| 20:42 | Create | Villager (Male) |
Build order — Dr evil
First 150 of 356 actions detected
| 0:00 | Create | Villager (Male) |
| 0:00 | Create | Villager (Male) |
| 0:02 | Build | House |
| 0:03 | Build | House |
| 0:29 | Create | Villager (Male) |
| 0:39 | Create | Villager (Male) |
| 1:31 | Create | Villager (Male) |
| 2:02 | Create | Villager (Male) |
| 2:02 | Create | Villager (Male) |
| 2:07 | Create | Villager (Male) |
| 2:07 | Create | Villager (Male) |
| 2:16 | Build | Lumber Camp |
| 2:52 | Create | Villager (Male) |
| 2:52 | Create | Villager (Male) |
| 3:20 | Create | Villager (Male) |
| 3:26 | Build | House |
| 3:27 | Build | House |
| 3:34 | Create | Villager (Male) |
| 4:05 | Create | Villager (Male) |
| 4:13 | Create | Villager (Male) |
| 4:13 | Create | Villager (Male) |
| 4:28 | Build | Palisade Wall |
| 4:48 | Create | Villager (Male) |
| 4:54 | Create | Villager (Male) |
| 5:44 | Create | Villager (Male) |
| 5:44 | Create | Villager (Male) |
| 5:46 | Build | Mill |
| 6:08 | Create | Villager (Male) |
| 6:22 | Research | Loom |
| 7:06 | Research | Feudal Age |
| 7:06 | Research | Feudal Age |
| 7:46 | Build | Barracks |
| 7:54 | Build | House |
| 7:55 | Build | Palisade Wall |
| 8:14 | Create | Villager (Male) |
| 8:18 | Build | Palisade Wall |
| 8:27 | Build | Palisade Wall |
| 8:33 | Build | Palisade Wall |
| 8:37 | Create | Villager (Male) |
| 8:40 | Build | Palisade Wall |
| 8:42 | Build | Palisade Wall |
| 8:42 | Build | Palisade Wall |
| 8:43 | Build | Palisade Wall |
| 8:49 | Build | Palisade Wall |
| 8:50 | Build | Palisade Wall |
| 8:51 | Build | Palisade Wall |
| 8:52 | Build | Palisade Wall |
| 9:09 | Create | Villager (Male) |
| 9:16 | Age | Feudal Age |
| 9:21 | Create | Villager (Male) |
| 9:26 | Create | Villager (Male) |
| 9:34 | Build | Archery Range |
| 9:43 | Create | Villager (Male) |
| 9:49 | Create | Villager (Male) |
| 9:53 | Research | Double-Bit Axe |
| 10:03 | Create | Villager (Male) |
| 10:20 | Create | Villager (Male) |
| 10:23 | Create | Archer |
| 10:29 | Build | Mining Camp |
| 10:33 | Build | Palisade Wall |
| 10:56 | Build | Farm |
| 10:58 | Create | Archer |
| 10:59 | Create | Archer |
| 11:15 | Create | Villager (Male) |
| 11:26 | Create | Archer |
| 11:26 | Create | Archer |
| 11:53 | Create | Archer |
| 11:53 | Create | Archer |
| 11:58 | Build | Farm |
| 12:10 | Create | Villager (Male) |
| 12:12 | Build | House |
| 12:17 | Build | Farm |
| 12:18 | Build | Farm |
| 12:19 | Build | Farm |
| 12:32 | Create | Archer |
| 12:32 | Create | Archer |
| 12:49 | Build | Blacksmith |
| 13:07 | Build | Farm |
| 13:10 | Build | House |
| 13:15 | Create | Archer |
| 13:16 | Create | Archer |
| 13:19 | Build | House |
| 13:21 | Build | House |
| 13:28 | Create | Villager (Male) |
| 13:39 | Research | Fletching |
| 13:39 | Research | Fletching |
| 13:50 | Build | Farm |
| 13:55 | Create | Villager (Male) |
| 14:07 | Build | House |
| 14:52 | Build | Farm |
| 14:58 | Create | Skirmisher |
| 14:59 | Create | Skirmisher |
| 15:01 | Build | Farm |
| 15:02 | Build | Farm |
| 15:02 | Build | Farm |
| 15:04 | Build | Farm |
| 15:17 | Build | Farm |
| 15:18 | Create | Villager (Male) |
| 15:20 | Build | Mining Camp |
| 16:07 | Create | Villager (Male) |
| 16:07 | Create | Villager (Male) |
| 16:52 | Create | Villager (Male) |
| 16:59 | Build | Market |
| 17:12 | Build | Farm |
| 17:31 | Create | Villager (Male) |
| 17:32 | Create | Villager (Male) |
| 17:34 | Build | Farm |
| 17:37 | Build | House |
| 17:47 | Create | Villager (Male) |
| 18:33 | Build | Farm |
| 18:39 | Create | Villager (Male) |
| 18:52 | Create | Archer |
| 18:52 | Create | Archer |
| 19:09 | Research | Castle Age |
| 19:09 | Research | Castle Age |
| 20:05 | Build | Palisade Wall |
| 20:07 | Build | Palisade Wall |
| 20:35 | Create | Archer |
| 20:35 | Create | Archer |
| 20:46 | Create | Archer |
| 21:07 | Create | Archer |
| 21:49 | Age | Castle Age |
| 21:51 | Create | Villager (Male) |
| 21:51 | Create | Villager (Male) |
| 21:53 | Research | Bodkin Arrow |
| 22:00 | Create | Villager (Male) |
| 22:01 | Create | Villager (Male) |
| 22:02 | Create | Villager (Male) |
| 22:08 | Create | Archer |
| 22:09 | Create | Archer |
| 22:09 | Create | Archer |
| 22:20 | Create | Villager (Male) |
| 22:34 | Create | Archer |
| 22:34 | Create | Archer |
| 22:43 | Research | Crossbowman (upgrade) |
| 22:44 | Research | Crossbowman (upgrade) |
| 22:53 | Create | Archer |
| 22:54 | Create | Archer |
| 23:11 | Create | Archer |
| 23:11 | Create | Archer |
| 23:13 | Create | Villager (Male) |
| 23:20 | Build | Mining Camp |
| 23:35 | Build | Castle |
| 23:45 | Create | Villager (Male) |
| 23:46 | Create | Villager (Male) |
| 23:46 | Create | Villager (Male) |
| 23:46 | Create | Villager (Male) |
| 23:57 | Create | Archer |
| 23:57 | Create | Archer |
| 23:57 | Create | Archer |
Match timeline
| 4:28 | Dr evil · wall_segment Palisade Wall x11 |
| 5:43 | thankyou9527 · first_building Barracks |
| 7:46 | Dr evil · first_building Barracks |
| 7:55 | Dr evil · wall_segment Palisade Wall x7 |
| 8:18 | Dr evil · wall_segment Palisade Wall x5 |
| 8:27 | Dr evil · wall_segment Palisade Wall x5 |
| 8:33 | Dr evil · wall_segment Palisade Wall x1 |
| 8:40 | Dr evil · wall_segment Palisade Wall x1 |
| 8:42 | Dr evil · wall_segment Palisade Wall x1 |
| 8:42 | Dr evil · wall_segment Palisade Wall x1 |
| 8:43 | Dr evil · wall_segment Palisade Wall x1 |
| 8:49 | Dr evil · wall_segment Palisade Wall x1 |
| 8:50 | Dr evil · wall_segment Palisade Wall x1 |
| 8:51 | thankyou9527 · age_up feudal |
| 8:51 | Dr evil · wall_segment Palisade Wall x1 |
| 8:52 | Dr evil · wall_segment Palisade Wall x1 |
| 9:16 | Dr evil · age_up feudal |
| 9:34 | Dr evil · first_building Archery Range |
| 10:01 | thankyou9527 · first_building Archery Range |
| 10:33 | Dr evil · wall_segment Palisade Wall x1 |
| 12:27 | thankyou9527 · wall_segment Palisade Wall x1 |
| 12:28 | thankyou9527 · wall_segment Palisade Wall x1 |
| 12:29 | thankyou9527 · wall_segment Palisade Wall x1 |
| 12:30 | thankyou9527 · wall_segment Palisade Wall x1 |
| 12:30 | thankyou9527 · wall_segment Palisade Wall x1 |
| 12:31 | thankyou9527 · wall_segment Palisade Wall x1 |
| 13:57 | thankyou9527 · wall_segment Palisade Wall x3 |
| 17:46 | Dr evil · first_market_sell 100 stone |
| 18:22 | thankyou9527 · wall_segment Palisade Wall x8 |
| 18:23 | thankyou9527 · wall_segment Palisade Wall x12 |
| 18:29 | Dr evil · first_market_buy 100 food |
| 18:50 | thankyou9527 · wall_segment Palisade Wall x5 |
| 19:45 | thankyou9527 · wall_segment Palisade Wall x12 |
| 19:47 | thankyou9527 · wall_segment Palisade Wall x7 |
| 20:05 | Dr evil · wall_segment Palisade Wall x1 |
| 20:07 | Dr evil · wall_segment Palisade Wall x1 |
| 20:07 | thankyou9527 · wall_segment Palisade Wall x1 |
| 20:23 | thankyou9527 · wall_segment Palisade Wall x1 |
| 21:34 | thankyou9527 · wall_segment Stone Wall x1 |
| 21:35 | thankyou9527 · wall_segment Stone Wall x1 |
| 21:49 | Dr evil · age_up castle |
| 21:52 | thankyou9527 · wall_segment Palisade Wall x1 |
| 21:52 | thankyou9527 · wall_segment Palisade Wall x1 |
| 21:53 | thankyou9527 · wall_segment Palisade Wall x1 |
| 21:54 | thankyou9527 · wall_segment Palisade Wall x1 |
| 23:35 | Dr evil · first_building Castle |
| 23:38 | thankyou9527 · first_building Stable |
| 26:11 | thankyou9527 · age_up castle |
| 26:17 | thankyou9527 · first_market_buy 100 stone |
| 26:22 | thankyou9527 · first_building Krepost |
| 26:59 | thankyou9527 · first_market_sell 100 food |
| 28:16 | Dr evil · first_building Monastery |
| 33:49 | thankyou9527 · first_building Siege Workshop |
| 34:53 | Dr evil · first_building Siege Workshop |
| 36:45 | thankyou9527 · wall_segment Stone Wall x1 |
| 36:49 | thankyou9527 · wall_segment Stone Wall x1 |
| 36:50 | thankyou9527 · wall_segment Stone Wall x1 |
| 36:53 | thankyou9527 · wall_segment Stone Wall x1 |
| 37:04 | thankyou9527 · resign |
[ AI ANALYSIS · 1 CREDIT ]
What really happened in this match?
Wolo.gg analyzes every decision: build order, eco, micro, common mistakes by bracket. Personalized analysis on WhatsApp or Discord in 30 seconds.
Civ guide
Bulgarians
Perfil
thankyou9527